 Dungeon Crawl Stone Soup version 0.29-a0-284-gf9362112df (webtiles) character file.

Game seed: 1575748335641326703

3462 siradein the Quickloader (level 10, -4/61 HPs)
             Began as a Kobold Hunter on Mar 16, 2022.
             Was a Believer of Okawaru.
             Slain by a yak (9 damage)
             ... on level 9 of the Dungeon.
             The game lasted 00:32:21 (11716 turns).

siradein the Quickloader (Kobold Hunter)           Turns: 11716, Time: 00:32:22

Health: -4/61      AC:  3    Str:  9    XL:     10   Next: 26%
Magic:  12/12      EV: 22    Int: 15    God:    Okawaru [**....]
Gold:   1269       SH:  0    Dex: 18    Spells: 9/9 levels left

rFire   . . .      SeeInvis .   a - +1 hand crossbow (freeze)
rCold   . . .      Faith    .   (no shield)
rNeg    . . .      Spirit   .   q - +0 leather armour
rPois   .          Reflect  .   (no helmet)
rElec   .          Harm     .   (no cloak)
rCorr   .          Rampage  .   (no gloves)
Will    .....                   (no boots)
Stlth   +++++.....              (no amulet)
HPRegen 0.20/turn               s - +4 ring of evasion
MPRegen 0.13/turn               (no ring)

@: no status effects
A: small, no large weapons, nightstalker 3
a: Renounce Religion, Heroism


You were on level 9 of the Dungeon.
You worshipped Okawaru.
Okawaru was pleased with you.
You visited 2 branches of the dungeon, and saw 10 of its levels.

You collected 1269 gold pieces.

Inventory:

Hand Weapons
 a - a +1 hand crossbow of freezing (weapon)
 b - a +2 dagger of venom
Missiles
 x - 10 poisoned darts
Armour
 q - a +0 leather armour (worn)
Jewellery
 g - an amulet of faith
 s - a +4 ring of evasion (left hand)
Wands
 o - a wand of iceblast (29)
 y - a wand of acid (7)
Scrolls
 c - 2 scrolls of immolation
 d - 3 scrolls of magic mapping
 e - 2 scrolls of blinking {unknown}
 h - 3 scrolls of fog
 i - 6 scrolls of teleportation {unknown}
 m - a scroll of enchant weapon {unknown}
 p - 3 scrolls of torment {unknown}
 u - a scroll of identify
 w - a scroll of vulnerability {unknown}
Potions
 f - 2 potions of curing
 j - 2 potions of brilliance
 k - a potion of magic {unknown}
 l - a potion of lignification
 n - 2 potions of haste
 r - a potion of mutation {unknown}
 t - a potion of invisibility {unknown}
 v - a potion of degeneration {unknown}
 z - a potion of might {unknown}


   Skills:
 + Level 6.8 Fighting
 + Level 7.0 Short Blades
 + Level 9.2 Crossbows
 + Level 7.4 Dodging
 + Level 8.5 Stealth
 + Level 3.8 Invocations
 + Level 4.2 Evocations


You had 9 spell levels left.
You didn't know any spells.
Your spell library contained the following spells:

 Spells                   Type           Power      Damage    Failure   Level
 Borgnjor's Vile Clutch   Necr/Erth      0%         N/A       100%        5
 Orb of Destruction       Conj           0%         9d5       100%        7
 Summon Guardian Golem    Hex/Summ       Unusable   N/A       N/A         3
 Animate Dead             Necr           Unusable   N/A       N/A         4
 Death Channel            Necr           Unusable   N/A       N/A         6
 Spellforged Servitor     Conj/Summ      Unusable   N/A       N/A         7

Dungeon Overview and Level Annotations

Branches:
Dungeon (9/15)             Temple (1/1) D:5
   Lair: D:8-11         Orc: D:9-12

Altars:
Cheibriados
Dithmenos
Elyvilon
Fedhas
Gozag
Hepliaklqana
Kikubaaqudgha
Nemelex Xobeh
Okawaru
Qazlal
Ru
Sif Muna
Trog
Uskayaw
Vehumet
Xom
Yredelemnul
Zin
The Shining One

Shops:
D:2 [   D:9 :


Innate Abilities, Weirdness & Mutations

You are small and have problems with some larger weapons.
You are completely attuned to the shadows.


Message History

You hit the yak.
The yak is almost dead.
The yak gores you!
You hit the yak but do no damage.
The yak looks as sick as possible!
The yak is almost dead.
You hit the yak.
The yak looks as sick as possible!
The yak is almost dead.
The yak misses you.
You hit the yak.
You kill the yak!
Okawaru accepts your kill.
Your Short Blades skill increases to level 7!
You start resting.
HP restored.
Your +2 dagger of venom stops dripping with poison.
Your +1 hand crossbow of freezing is covered in frost.
a - a +1 hand crossbow of freezing (weapon)
You climb downwards.
The yak barely misses you. The yak closely misses you.
There is a stone staircase leading up, spattered with blood here.
You shoot a bolt. The bolt barely misses the yak.
The yak misses you. x2
The yak closely misses you. The yak gores you. The yak gores you!
You climb upwards.
There is a stone staircase leading down, spattered with blood here.
The yak misses you. The yak barely misses you. The yak closely misses you.
You climb downwards.
There is a stone staircase leading up, spattered with blood here.
The yak attacks as you move away! The yak completely misses you.
The yak gores you. The yak misses you. The yak attacks as you move away!
The yak misses you. The yak attacks as you move away!
The yak gores you but does no damage. The yak attacks as you move away!
The yak barely misses you. The yak gores you!
Found Tikar's Book Boutique.
The yak attacks as you move away! The yak gores you!
* * * LOW HITPOINT WARNING * * *
The yak attacks as you move away! The yak closely misses you.
The yak attacks as you move away! The yak gores you!
* * * LOW HITPOINT WARNING * * *
The yak gores you!
You die...

.....##
......##
....<..##
........##
...........#
..........##
.........##
.....Y..##
....@#.##
.##..Y.#
##.∩.# #...#
..#.# ##. .#


You could see 2 yaks.

Vanquished Creatures
  A hornet (D:7)
  A yak (D:8)
  Eustachio (D:4)
  4 water moccasins
  2 orc warriors
  2 black bears
  2 sky beasts (D:6)
  An ogre (D:4)
  A centaur (D:5)
  A phantom (D:4)
  A kobold brigand (D:8)
  A gnoll sergeant (D:5)
  A necrophage (D:6)
  2 scorpions
  6 wights (D:8)
  A howler monkey (D:8)
  4 hounds
  A gnoll shaman (D:5)
  8 orc priests
  6 jellies
  Jessica (D:2)
  2 iguanas (D:5)
  6 orc wizards
  10 gnolls (D:5)
  7 adders
  A shadow imp (D:6)
  A white imp (D:6)
  An ufetubus (D:4)
  A worm (D:5)
  3 dart slugs
  21 orcs
  3 endoplasms
  7 giant cockroaches
  13 goblins
  4 hobgoblins
  10 jackals
  21 kobolds
  3 quokkas
  10 ball pythons
  12 bats
  2 frilled lizards
  6 rats
192 creatures vanquished.

Notes
Turn   | Place    | Note
-------+----------+-------------------------------------------
     0 | D:1      | siradein the Kobold Hunter began the quest for the Orb.
     0 | D:1      | Reached XP level 1. HP: 12/12 MP: 1/1
   213 | D:1      | Reached XP level 2. HP: 18/18 MP: 2/2
   572 | D:1      | Reached XP level 3. HP: 22/22 MP: 3/3
   836 | D:1      | Found a faded altar of an unknown god.
  1223 | D:2      | Found Xufodegh's Armour Boutique.
  1245 | D:2      | Reached XP level 4. HP: 27/27 MP: 4/4
  1351 | D:2      | Noticed Jessica
  1360 | D:2      | Killed Jessica
  1567 | D:2      | Reached skill level 6 in Crossbows
  1668 | D:2      | Reached XP level 5. HP: 28/32 MP: 5/5
  1934 | D:2      | Reached skill level 1 in Short Blades
  2482 | D:3      | Found a blossoming altar of Fedhas.
  2511 | D:3      | Found a shadowy altar of Dithmenos.
  2993 | D:4      | Noticed a phantom
  3027 | D:4      | Reached XP level 6. HP: 24/37 MP: 6/6
  3203 | D:4      | Noticed an ogre
  3621 | D:4      | Noticed Eustachio
  3638 | D:4      | Killed Eustachio
  3639 | D:4      | Reached skill level 5 in Stealth
  3639 | D:4      | Reached XP level 7. HP: 40/43 MP: 7/7
  3750 | D:4      | Reached skill level 7 in Crossbows
  3771 | D:5      | Entered Level 5 of the Dungeon
  4217 | D:5      | Found a staircase to the Ecumenical Temple.
  4250 | D:5      | Reached skill level 5 in Dodging
  4477 | D:4      | Reached XP level 8. HP: 11/48 MP: 8/8
  5024 | Temple   | Entered the Ecumenical Temple
  5145 | Temple   | Became a worshipper of Warmaster Okawaru
  5319 | D:5      | Reached skill level 5 in Fighting
  6361 | D:5      | Reached skill level 5 in Short Blades
  6625 | D:5      | Reached skill level 8 in Crossbows
  6625 | D:5      | Reached skill level 1 in Invocations
  6625 | D:5      | Reached skill level 1 in Evocations
  6951 | D:6      | Reached XP level 9. HP: 54/54 MP: 9/9
  7996 | D:6      | Identified a scroll of acquirement
  7998 | D:6      | Acquired 680 gold pieces
  8110 | D:7      | Noticed a +0 hand axe
  8110 | D:7      | Noticed a +0 dagger
  8271 | D:6      | Reached * piety under Okawaru
  8891 | D:7      | Noticed a troll
  8933 | D:7      | Found a glowing golden altar of the Shining One.
  8934 | D:7      | Noticed a hornet
  9036 | D:7      | Found a hide-covered altar of Uskayaw.
  9441 | D:7      | Paralysed by a hornet for 3 turns
  9446 | D:7      | Killed a hornet
  9873 | D:8      | Noticed a purple ugly thing
 10165 | D:8      | Reached XP level 10. HP: 48/61 MP: 12/12
 10179 | D:8      | Reached ** piety under Okawaru
 10180 | D:8      | Reached skill level 9 in Crossbows
 11169 | D:8      | Found a hazy altar of Hepliaklqana.
 11712 | D:9      | Found Tikar's Book Boutique.
 11716 | D:9      | Slain by a yak

Illustrated notes

Levels and vault maps discovered:
D:1:      elethiomel_arrival_infinity_welcomes_careful_drivers, layout_basic,
          shapermc_ecumenical_altar_mp_ritualfount, minmay_misc_feat_rugged,
          hangedman_decor_diamond_cutter
D:2:      layout_basic, serial_shops, nicolae_shop_hallway_plus, nrook_uturn,
          minmay_3d_cube, uniq_jessica
D:3:      layout_basic, nicolae_overflow_squiral
D:4:      layout_cave_pools, uniq_eustachio
D:5:      layout_loops_ring, minmay_temple_entry_slanted, serial_glass,
          glass_columns_a, glass_columns_b, minmay_strange_pillars,
          feat_on_display, feat_on_display, minmay_strange_pillars,
          small_statue_intersection
D:6:      layout_loops_corners
D:7:      layout_rooms, dancing_weapons_uskayaw, nicolae_tso_carved_into_rock
D:8:      layout_basic, marbit_many_paths, minmay_misc_feat_secret_circle
D:9:      layout_cave_pods, nicolae_overflow_hidden_temple,
          minmay_lair_entry_grove, serial_shops, nicolae_shop_stone
Temple:   eino_temple_scatter_basement

Skill      XL: |  1  2  3  4  5  6  7  8  9 10 |
---------------+-------------------------------+-----
Stealth        | 2 3 4 5 6 8 |  8.5
Dodging        | 3 4 5 6 7 |  7.4
Fighting       | 3 4 5 6 |  6.8
Crossbows      | 6 7 8 9 |  9.2
Short Blades   | 1 3 5 6 7 |  7.0
Invocations    | 1 3 |  3.8
Evocations     | 1 3 4 |  4.2

Action                   |  1- 3 |  4- 6 |  7- 9 | 10-12 || total
-------------------------+-------+-------+-------+-------++-------
Melee: Dagger            |       |    44 |   233 |    69 ||   346
       Punch             |       |     1 |     5 |       ||     6
 Fire: Hand crossbow     |    80 |   129 |   189 |    28 ||   426
  Use: Scroll            |       |     5 |     7 |       ||    12
       Potion            |       |       |     2 |       ||     2
 Stab: Sleeping          |       |       |     2 |       ||     2
Armor: Leather armour    |     6 |    14 |    27 |     4 ||    51
       Skin              |       |       |     4 |       ||     4
Dodge: Dodged            |    27 |   111 |   293 |    85 ||   516

Table legend: (Time is in decaauts)
 A = Elapsed time spent in this place.
 B = Non-inter-level travel time spent in this place.
 C = Inter-level travel time spent in this place.
 D = Time resting spent in this place.
 E = Time spent auto-exploring this place.
 F = Levels seen in this place.
 G = Mean time per level.
                   A        B        C        D        E       F      G
               +--------+--------+--------+--------+--------+-----+--------+
         Total |  11677 |  11485 |    192 |   2752 |   6401 |  10 | 1167.7 |
       Dungeon |  11542 |  11350 |    192 |   2752 |   6299 |   9 | 1282.4 |
        Temple |    135 |    135 |      0 |      0 |    102 |   1 |  135.0 |
               +--------+--------+--------+--------+--------+-----+--------+

Top non-repeatable levels by time:
     D:5: 2500 daAuts
     D:8: 1944 daAuts
     D:6: 1533 daAuts
     D:4: 1333 daAuts
     D:7: 1217 daAuts
     D:2: 1205 daAuts
     D:1: 1140 daAuts
     D:3: 650 daAuts
  Temple: 135 daAuts
     D:9: 15 daAuts
